 Dungeon Crawl Stone Soup version 0.20.0-15-g7f486f2 (webtiles) character file.

74 renl the Firebug (level 4, 0/36 HPs)
             Began as a Deep Elf Fire Elementalist on June 26, 2017.
             Succumbed to an adder's poison
             ... on level 3 of the Dungeon.
             The game lasted 00:14:04 (1738 turns).

renl the Firebug (Deep Elf Fire Elementalist)       Turns: 1738, Time: 00:14:04

Health: 0/36       AC: 22    Str:  5    XL:     4   Next: 10%
Magic:  11/11      EV:  2    Int: 21    God:
Gold:   125        SH:  0    Dex: 15    Spells: 6/10 levels left

rFire    . . .     SeeInvis .   m - +2 dagger (holy)
rCold    . . .     Gourm    .   (no shield)
rNeg     + + +     Faith    .   (armour currently unavailable)
rPois    +         Spirit   .   (helmet currently unavailable)
rElec    .         Reflect  .   (cloak currently unavailable)
rCorr    .         Harm     .   (gloves currently unavailable)
MR       .....     NoTele   +   (boots currently unavailable)
Stlth    ++........             i - amulet of rage
Regen    0.2/turn               (no ring)
MPRegen  0.2/turn               (no ring)

@: lethally poisoned (0 -> -2), tree-form
A: no striking features
a: Evoke Berserk Rage


You were on level 3 of the Dungeon.
You were not hungry.
You were a tree.
You visited 1 branch of the dungeon, and saw 3 of its levels.

You collected 125 gold pieces.

Inventory:

Hand Weapons
 m - a +2 dagger of holy wrath (weapon)
Armour
 a - a +0 robe (melded)
Jewellery
 i - an amulet of rage (around neck)
Scrolls
 d - 4 scrolls of identify
 f - a scroll of teleportation
Potions
 h - a potion of haste
Books
 b - a book of Flames

   Spells                             Type                      Level
   a - Flame Tongue                   Conjuration/Fire             1
   b - Throw Flame                    Conjuration/Fire             2
   c - Conjure Flame                  Conjuration/Fire             3
   d - Inner Flame                    Hexes/Fire                   3
   e - Sticky Flame                   Conjuration/Fire             4
   f - Fireball                       Conjuration/Fire             5
Comestibles
 c - 4 bread rations
 j - a meat ration
 k - 2 chunks of flesh


   Skills:
 - Level 2.4 Dodging
 - Level 2.4 Stealth
 + Level 3.8 Spellcasting
 + Level 1.3 Conjurations
 * Level 5.0 Fire Magic


You had 6 spell levels left.
You knew the following spells:

 Your Spells              Type           Power        Failure   Level  Hunger
a - Flame Tongue          Conj/Fire      ###..        3%          1    None
b - Conjure Flame         Conj/Fire      ###.....     10%         3    ###....


Dungeon Overview and Level Annotations

Branches:
Dungeon (3/15)

Altars:
Xom


Message History

You feel sick.
Unknown command.
Unknown command.
Unknown command.
* * * LOW HITPOINT WARNING * * *
You feel sick.
* * * LOW HITPOINT WARNING * * *
You feel sick.
* * * LOW HITPOINT WARNING * * *
You feel sick.
* * * LOW HITPOINT WARNING * * *
You feel sick.
* * * LOW HITPOINT WARNING * * *
You feel sick.
You eat the royal jelly.
That royal jelly was delicious!
* * * LOW HITPOINT WARNING * * *
You feel sick.
Okay, then.
Unknown command.
You die...

###########
#.........#
#.........#
#...%.....#
###!........###
+....[........
#.........##
##..♣.......# #
##...........#.#
.................l
####...........#.#
######......?..
.###########.##(..#..
..................#
........#......####
.####...#......#


There were no monsters in sight!

Vanquished Creatures
  2 adders
  3 worms
  An orc (D:1)
  2 giant cockroaches
  7 goblins
  2 hobgoblins
  3 jackals (D:1)
  A quokka (D:2)
  2 ball pythons
  6 bats
  3 frilled lizards (D:2)
  11 kobolds
  3 rats (D:1)
46 creatures vanquished.

Notes
Turn   | Place    | Note
-------+----------+-------------------------------------------
     0 | D:1      | renl the Deep Elf Fire Elementalist began the quest for the Orb.
     0 | D:1      | Reached XP level 1. HP: 10/10 MP: 6/6
   384 | D:1      | Reached XP level 2. HP: 15/15 MP: 5/8
   446 | D:1      | Reached skill level 4 in Fire Magic
  1173 | D:2      | Reached XP level 3. HP: 18/19 MP: 6/9
  1179 | D:2      | Found a shimmering altar of Xom.
  1209 | D:2      | Lost strength.
  1511 | D:2      | Learned a level 3 spell: Conjure Flame
  1716 | D:3      | Reached skill level 5 in Fire Magic
  1716 | D:3      | Reached XP level 4. HP: 8/24 MP: 9/11
  1730 | D:3      | HP: 1/36 [poisoned by an adder]
  1738 | D:3      | Succumbed to an adder's poison

Skill      XL: |  1  2  3 |
---------------+----------+-----
Fire Magic     | 4 5 |  5.0
Dodging        | |  2.4
Stealth        | |  2.4
Spellcasting   | |  3.8
Conjurations   | |  1.3

Action                   |  1- 3 |  4- 6 || total
-------------------------+-------+-------++-------
Melee: Unarmed           |    17 |       ||    17
       Short sword       |    14 |       ||    14
       Dagger            |     2 |       ||     2
 Cast: Flame Tongue      |    67 |     1 ||    68
       Conjure Flame     |     1 |       ||     1
  Use: Scroll            |     5 |     1 ||     6
       Potion            |       |     1 ||     1
 Stab: Sleeping          |     5 |       ||     5
  Eat: Chunk             |     3 |       ||     3
       Royal jelly       |       |     1 ||     1
Armor: Robe              |    14 |       ||    14
Dodge: Dodged            |    46 |       ||    46
